 Dungeon Crawl Stone Soup version 0.31.0-12-g77e489cdc1 (webtiles) character file.

Game seed: 2206170811965784972

380 gohu the Digger (level 6, -4/37 HPs)
             Began as a Gargoyle Earth Elementalist on Feb 25, 2024.
             Killed by divine providence
             ... invoked by an orc priest
              (14 damage)
             ... on level 5 of the Dungeon.
             The game lasted 00:13:40 (4240 turns).

gohu the Digger (Gargoyle Earth Elementalist)       Turns: 4240, Time: 00:13:40

Health: -4/37      AC:  7    Str: 12    XL:     6   Next: 75%
Magic:  9/10       EV: 11    Int: 17    God:
Gold:   233        SH:  0    Dex: 10    Spells: 4/11 levels left

rFire   + . .        n - +0 sling
rCold   . . .        (no shield)
rNeg    + . .        a - +0 robe
rPois   ∞            c - +0 helmet
rElec   +            y - scarf {harm}
rCorr   .            (no gloves)
SInv    .            (no boots)
Will    .....        (no amulet)
Stlth   ++           j - ring of protection from fire
HPRegen 0.26/turn    h - ring of flight
MPRegen 0.12/turn

%: harm (+30% outgoing, +20% incoming)
@: flying
A: sickness immunity, AC +4, negative energy resistance 1, electricity
resistance, torment resistance 1, petrification resistance
a: no special abilities


You were on level 5 of the Dungeon.
You visited 2 branches of the dungeon, and saw 6 of its levels.

You collected 233 gold pieces.

Inventory:

Hand Weapons
 n - a +0 sling (weapon)
 p - a +0 dagger
Armour
 a - a +0 robe (worn)
 c - a +0 helmet (worn)
 o - a +0 kite shield
 y - a scarf of harm (worn)
Jewellery
 h - a ring of flight (right hand)
 j - a ring of protection from fire (left hand)
 C - a ring of fire
Wands
 u - a wand of polymorph (21)
Scrolls
 f - 2 scrolls of teleportation {unknown}
 g - a scroll of acquirement {unknown}
 i - 3 scrolls of identify {unknown}
 k - a scroll of butterflies {unknown}
 q - a scroll of vulnerability {unknown}
 r - a scroll of immolation {unknown}
 s - a scroll of fog {unknown}
 w - a scroll of poison {unknown}
 x - a scroll of enchant armour {unknown}
 B - a scroll of noise {unknown}
Potions
 b - 2 potions of magic
 d - a potion of ambrosia {unknown}
 e - a potion of heal wounds {unknown}
 l - a potion of might {unknown}
 m - a potion of mutation {unknown}
 t - 2 potions of curing {unknown}
 v - 3 potions of brilliance {unknown}
 z - a potion of cancellation {unknown}
 A - a potion of haste {unknown}


   Skills:
 - Level 3.2 Fighting
 - Level 1.5 Dodging
 - Level 2.1 Stealth
 - Level 3.0 Spellcasting
 * Level 2.7 Conjurations
 - Level 6.7 Earth Magic


You had 4 spell levels left.
You knew the following spells:

 Your Spells              Type           Power      Damage    Failure   Level
a - Sandblast             Erth           50%        2d12      1%          1
b - Stone Arrow           Conj/Erth      36%        3d9       8%          3
c - Passwall              Erth           25%        N/A       3%          3

Your spell library contained the following spells:

 Spells                   Type           Power      Damage    Failure   Level
 Freeze                   Ice            8%         1d3       17%         1
 Necrotise                Necr           8%         1d4       17%         1
 Slow                     Hex            8%         N/A       17%         1
 Summon Small Mammal      Summ           8%         N/A       17%         1
 Brom's Barrelling Bould  Conj/Erth      18%        2d4       26%         4
 Hailstorm                Conj/Ice       7%         3d5       30%         3
 Petrify                  Alch/Erth      14%        N/A       41%         4
 Call Canine Familiar     Summ           2%         N/A       45%         3
 Confusing Touch          Hex            2%         N/A       45%         3
 Frozen Ramparts          Ice            4%         1d1       45%         3
 Inner Flame              Hex/Fire       2%         N/A       45%         3
 Sigil of Binding         Hex            2%         N/A       45%         3
 Tukima's Dance           Hex            2%         N/A       45%         3
 Vampiric Draining        Necr           2%         2d6       45%         3
 Flame Wave               Conj/Fire      7%         2d5       69%         4
 Iskenderun's Mystic Bla  Conj/Tloc      7%         2d4       69%         4
 Dimensional Bullseye     Hex/Tloc       1%         N/A       86%         4
 Martyr's Knell           Necr/Summ      2%         N/A       86%         4
 Sticky Flame             Fire/Alch      2%         2d4       86%         4
 Summon Blazeheart Golem  Fire/Summ      2%         N/A       86%         4
 Curse of Agony           Necr           2%         N/A       99%         5
 Sculpt Simulacrum        Ice/Alch       1%         N/A       100%        6
 Ozocubu's Refrigeration  Ice            1%         4d7       100%        7
 Polar Vortex             Ice            1%         N/A       100%        9


Dungeon Overview and Level Annotations

Branches:
Dungeon (5/15)             Temple (1/1) D:4

Altars:
Kikubaaqudgha
Makhleb
Nemelex Xobeh
Okawaru
Qazlal
Trog
Uskayaw
Wu Jian
Xom
Yredelemnul
Zin

Annotations:
D:2 1 runed translucent door, Crazy Yiuf
D:5 Prince Ribbit


Innate Abilities, Weirdness & Mutations

You are immune to sickness and miasma.
Your stone body is resilient. (AC +4)
You are immune to poison.
You resist negative energy. (rN+)
You are resistant to electric shocks. (rElec)
You are resistant to unholy torment.
You are immune to petrification.


Message History

C - a ring of fire Prince Ribbit blinks!
There is a stone staircase leading up here.
Prince Ribbit blinks!
You fly upwards.
There is a stone staircase leading down here.
Okay, then.
There is a stone staircase leading down here.
You fly downwards.
Level annotation: Prince Ribbit
There is a stone staircase leading up here.
Casting: Sandblast (safe; 1% risk of failure)
Confirm with . or Enter, or press ? or * to list all spells.
Aiming: Sandblast (safe; 1% risk of failure)
Press: ? - help, Shift-Dir - straight line, f - dart slug
Aim: a dart slug (100% to hit)
The blast of sand hits the dart slug!
You kill the dart slug!
Magic restored.
An orc priest comes into view. It is wielding a +0 short sword.
The orc priest shouts!
You hear a shout! x2
A shadow imp comes into view.
The orc priest miscasts a cantrip.
You hear a shout!
Casting: Sandblast (safe; 1% risk of failure)
Confirm with . or Enter, or press ? or * to list all spells.
Aiming: Sandblast (safe; 1% risk of failure)
Press: ? - help, Shift-Dir - straight line, f - orc priest
Aim: an orc priest, wielding a +0 short sword (83% to hit)
The blast of sand misses the orc priest.
You hear an angry hiss.
The orc priest mumbles some strange prayers to Beogh against you.
Beogh smites you!
Ouch! That really hurt!
The shadow imp gestures at you. Pain shoots through your body!
* * * LOW HITPOINT WARNING * * *
The orc priest mumbles some strange prayers to Beogh against you.
Beogh smites you!
You die...

... ...
#.#. #<#
#..# #F#
#..# #.#
#..# #.#
#..# #§#
#..# #.#
#..####
#.# ##
#@....#
#S##..###.
#<###o#
#.<.......
#†#
#####.####
#.# #.5
... ..#.
..#.
...#.#


You could see an orc priest and a shadow imp.

Vanquished Creatures
  An ogre (D:4)
  A bombardier beetle (D:3)
  A hound (D:4)
  A sleepcap (D:5)
  An iguana (D:4)
  An orc wizard (D:4)
  Robin (D:2)
  4 adders
  2 dart slugs
  3 ribbon worms
  9 orcs
  3 endoplasms
  6 giant cockroaches
  16 goblins
  7 hobgoblins
  5 jackals
  6 quokkas
  7 ball pythons
  4 bats
  3 frilled lizards
  9 kobolds
  6 rats
97 creatures vanquished.

Notes
Turn   | Place    | Note
-------+----------+-------------------------------------------
     0 | D:1      | gohu the Gargoyle Earth Elementalist began the quest for
                  | the Orb.
     0 | D:1      | Reached XP level 1. HP: 10/10 MP: 3/3
   338 | D:1      | Reached skill level 4 in Earth Magic
   338 | D:1      | Reached XP level 2. HP: 16/16 MP: 0/5
   584 | D:1      | Reached skill level 1 in Fighting
   881 | D:2      | Reached XP level 3. HP: 20/20 MP: 3/6
  1300 | D:2      | Found a runed translucent door.
  1301 | D:2      | Noticed Crazy Yiuf
  1607 | D:2      | Reached XP level 4. HP: 25/25 MP: 1/7
  1714 | D:2      | Reached skill level 5 in Earth Magic
  1798 | D:2      | Noticed Robin
  1810 | D:2      | Killed Robin
  2592 | D:3      | Reached XP level 5. HP: 27/30 MP: 5/9
  3132 | D:3      | Found a shimmering altar of Xom.
  3175 | D:4      | Noticed an ogre
  3467 | D:4      | Reached skill level 6 in Earth Magic
  3711 | D:4      | Killed an ogre
  3712 | D:4      | Reached XP level 6. HP: 20/37 MP: 6/10
  3717 | D:4      | Learned a level 3 spell: Stone Arrow
  3721 | D:4      | Learned a level 3 spell: Passwall
  4136 | D:4      | Found a staircase to the Ecumenical Temple.
  4142 | Temple   | Entered the Ecumenical Temple
  4180 | D:5      | Entered Level 5 of the Dungeon
  4193 | D:5      | Noticed Prince Ribbit
  4193 | D:5      | Noticed a water moccasin
  4240 | D:5      | Killed from afar by an orc priest

Illustrated notes

Levels and vault maps discovered:
D:1:      dpeg_arrival_water_temple_mockup, layout_basic, corner_web_ring
D:2:      wander_river, layout_loops_ring, uniq_robin, uniq_crazy_yiuf_cottage
D:3:      layout_loops_ring, regret_index_xom_buried_treasure,
          kennysheep_doodads
D:4:      layout_loops_ring, minmay_temple_entry_butterflies,
          corexii_corridor_pit, grunt_ministairs_3
D:5:      layout_loops_ring, slow_altar_1, uniq_prince_ribbit1
Temple:   eino_wide_crystal_templ

Skill      XL: |  1  2  3  4  5  6 |
---------------+-------------------+-----
Earth Magic    | 4 5 6 |  6.7
Fighting       | 1 2 3 |  3.2
Spellcasting   | 3 |  3.0
Conjurations   | 2 |  2.7
Dodging        | |  1.5
Stealth        | |  2.1

Action                     |  1- 3 |  4- 6 || total
---------------------------+-------+-------++-------
   Fire: Sling             |    10 |    35 ||    45
   Cast: Sandblast         |    56 |    78 ||   134
         Stone Arrow       |       |     1 ||     1
 Armour: Robe              |    10 |    14 ||    24
  Dodge: Dodged            |    10 |    18 ||    28
